 Dungeon Crawl Stone Soup version 0.27.1-33-g824d729ab1 (webtiles) character file.

Game seed: 9761698626722519858

138 zeram the Caller (level 5, 0/45 HPs)
             Began as a Troll Summoner on Dec 2, 2021.
             Slain by a nameless horror (8 damage)
             ... created by miscasting Call Canine Familiar
             ... on level 3 of the Dungeon.
             The game lasted 00:06:57 (2323 turns).

zeram the Caller (Troll Summoner)                   Turns: 2323, Time: 00:06:58

Health: 0/45       AC:  4    Str: 16    XL:     5   Next: 1%
Magic:  0/5        EV: 10    Int: 12    God:
Gold:   82         SH:  0    Dex: 10    Spells: 0/6 levels left

rFire    . . .     SeeInvis .   e - +3 dagger
rCold    . . .     Faith    .   (no shield)
rNeg     . . .     Spirit   .   a - +0 robe
rPois    .         Reflect  .   (helmet restricted)
rElec    .         Harm     .   (no cloak)
rCorr    .         Rampage  .   (gloves unavailable)
Will     .....                  (boots unavailable)
Stlth    +.........             c - amulet of magic regeneration
HPRegen  1.15/turn              (no ring)
MPRegen  0.34/turn              (no ring)

@: no status effects
A: large, unfitting armour, claws 3, regeneration 1, shaggy fur 1, tough skin 1
a: no special abilities


You were on level 3 of the Dungeon.
You visited 1 branch of the dungeon, and saw 3 of its levels.

You collected 82 gold pieces.

Inventory:

Hand Weapons
 d - a +1 club
 e - a +3 dagger (weapon)
Armour
 a - a +0 robe (worn)
Jewellery
 c - an amulet of magic regeneration (around neck)
Scrolls
 f - a scroll of identify
Potions
 g - a potion of flight


   Skills:
 - Level 1.0 Maces & Flails
 + Level 2.9 Dodging
 - Level 1.0 Stealth
 - Level 1.2 Spellcasting
 + Level 4.0 Summonings


You couldn't memorise any spells.
You knew the following spells:

 Your Spells              Type           Power      Damage    Failure   Level
a - Summon Small Mammal   Summ           40%        N/A       5%          1
b - Call Imp              Summ           10%        N/A       9%          2
c - Call Canine Familiar  Summ           10%        N/A       17%         3

Your spell library contained the following spells:

 Spells                   Type           Power      Damage    Failure   Level
 Summon Guardian Golem    Hex/Summ       5%         N/A       36%         3
 Slow                     Hex            0%         N/A       41%         2
 Confusing Touch          Hex            0%         N/A       65%         3
 Dazzling Flash           Conj/Hex       0%         N/A       65%         3
 Gell's Gravitas          Tloc           0%         N/A       65%         3
 Teleport Other           Tloc           0%         N/A       65%         3
 Vampiric Draining        Necr           0%         2d6       65%         3
 Summon Lightning Spire   Summ/Air       5%         N/A       77%         4
 Iskenderun's Mystic Bla  Conj/Tloc      0%         2d3       96%         4
 Dispersal                Tloc           0%         N/A       100%        6
 Starburst                Conj/Fire      0%         6d3       100%        6


Dungeon Overview and Level Annotations

Branches:
Dungeon (3/15)

Altars:


Innate Abilities, Weirdness & Mutations

You are too large for most types of armour.
You have claws for hands.
Your natural rate of healing is unusually fast.
You are covered in fur. (AC +1)
You have tough skin. (AC +1)


Message History

You feel your power leaking away.
You hit the nameless horror but do no damage.
The nameless horror is almost destroyed.
The nameless horror barely misses you.
You hit the nameless horror but do no damage.
The nameless horror is almost destroyed.
The nameless horror hits you!
You feel your power leaking away.
You hit the nameless horror but do no damage.
The nameless horror is almost destroyed.
The nameless horror barely misses you.
You hit the nameless horror.
The nameless horror is almost destroyed.
The nameless horror hits you.
Okay, then.
Okay, then.
You hit the nameless horror but do no damage.
The nameless horror is almost destroyed.
The nameless horror hits you.
You feel your power leaking away.
You hit the nameless horror.
The nameless horror is almost destroyed.
The nameless horror hits you.
* * * LOW HITPOINT WARNING * * *
You hit the nameless horror but do no damage.
The nameless horror is almost destroyed.
The nameless horror barely misses you.
You hit the nameless horror but do no damage.
The nameless horror is almost destroyed.
The nameless horror hits you!
* * * LOW HITPOINT WARNING * * *
You feel your power leaking away.
You hit the nameless horror but do no damage.
The nameless horror is almost destroyed.
The nameless horror hits you.
* * * LOW HITPOINT WARNING * * *
You hit the nameless horror.
The nameless horror is almost destroyed.
The nameless horror hits you!
You die...

######## #######
#!(#...# #......
)..g.+ +....##
#...# #.##...
#####g######.....#
#@Xggl............
##################


You could see a nameless horror, 3 hobgoblins and a frilled lizard.

Vanquished Creatures
  An adder (D:2)
  4 dart slugs
  3 orcs
  5 bats
  7 endoplasms (D:3)
  11 giant cockroaches (D:2)
  2 goblins
  2 hobgoblins (D:1)
  8 jackals
  2 quokkas
  7 ball pythons
  A frilled lizard (D:2)
  4 rats
57 creatures vanquished.

Vanquished Creatures (collateral kills)
  5 adders
  An orc (D:3)
  A bat (D:2)
  2 endoplasms (D:2)
  2 giant cockroaches (D:2)
  3 goblins
  A hobgoblin (D:2)
  7 jackals
  3 ball pythons
  A frilled lizard (D:2)
  3 rats (D:2)
29 creatures vanquished.

Grand Total: 86 creatures vanquished

Notes
Turn   | Place    | Note
-------+----------+-------------------------------------------
     0 | D:1      | zeram the Troll Summoner began the quest for the Orb.
     0 | D:1      | Reached XP level 1. HP: 16/16 MP: 1/1
    20 | D:1      | Reached skill level 3 in Summonings
   127 | D:1      | Reached XP level 2. HP: 24/24 MP: 2/2
   140 | D:1      | Learned a level 2 spell: Call Imp
  1092 | D:2      | Reached XP level 3. HP: 31/31 MP: 0/3
  1324 | D:2      | Reached skill level 1 in Maces & Flails
  1424 | D:2      | Reached XP level 4. HP: 39/39 MP: 4/4
  2043 | D:3      | Reached skill level 4 in Summonings
  2227 | D:3      | Reached XP level 5. HP: 45/45 MP: 2/5
  2241 | D:3      | Learned a level 3 spell: Call Canine Familiar
  2241 | D:3      | Noticed a nameless horror
  2323 | D:3      | Slain by a nameless horror

Illustrated notes

Levels and vault maps discovered:
D:1:      amcnicky_arrival_single_pillar, layout_basic
D:2:      minmay_roachtagon, layout_loops_cross, minmay_pentomino_u4
D:3:      minmay_thinvault, layout_loops_cross, nzn_hepliaklqana_mist_gate,
          lemuel_round_altar, serial_shops, shop,
          shapermc_ecumenical_altar_hornbeckon, kennysheep_generic_room_8

Skill      XL: |  1  2  3  4 |
---------------+-------------+-----
Summonings     | 3 4 |  4.0
Dodging        | 2 |  2.9
Maces & Flails | 1 |  1.0
Stealth        | |  1.0
Spellcasting   | |  1.2

Action                   |  1- 3 |  4- 6 || total
-------------------------+-------+-------++-------
Melee: Club              |   159 |       ||   159
       Unarmed           |    15 |       ||    15
       Dagger            |    11 |   147 ||   158
 Cast: Summon Small Mamm |     6 |       ||     6
       Call Imp          |    19 |    15 ||    34
  Use: Scroll            |     2 |     1 ||     3
       Potion            |       |     1 ||     1
 Stab: Sleeping          |     5 |     4 ||     9
Armor: Robe              |   111 |    41 ||   152
Dodge: Dodged            |   161 |    84 ||   245
